 Dungeon Crawl Stone Soup version 0.31.0-11-ge490571c62 (webtiles) character file.

Game seed: 6727357531190334943

186 qw the Shooter (level 5, -4/25 HPs)
             Began as a Spriggan Hunter on Feb 3, 2024.
             Slain by a black bear (6 damage)
             ... on level 3 of the Dungeon.
             The game lasted 00:00:37 (1664 turns).

qw the Shooter (Spriggan Hunter)                    Turns: 1664, Time: 00:00:38

Health: -4/25      AC:  2    Str:  7    XL:     5   Next: 38%
Magic:  6/6        EV: 19    Int: 11    God:
Gold:   170        SH:  0    Dex: 20    Spells: 4/4 levels left

rFire   . . .        a - +1 shortbow
rCold   . . .        (shield currently unavailable)
rNeg    . . .        c - +0 robe
rPois   .            (helmet restricted)
rElec   .            (no cloak)
rCorr   .            (gloves unavailable)
SInv    +            (boots unavailable)
Will    .....        (no amulet)
Stlth   ++           (no ring)
HPRegen 0.24/turn    (no ring)
MPRegen 0.10/turn

%: no passive effects
@: very quick
A: very small, no large weapons, unfitting armour, see invisible, speed 3
a: no special abilities


You were on level 3 of the Dungeon.
You visited 1 branch of the dungeon, and saw 3 of its levels.

You collected 170 gold pieces.


Innate Abilities, Weirdness & Mutations

You are very small and have problems with some larger weapons.
You are too small for most types of armour.
You have supernaturally acute eyesight. (SInv)
You cover ground extremely quickly. (Speed+++)


   Skills:
 - Level 1.5 Fighting
 - Level 6.1 Ranged Weapons
 + Level 4.5 Dodging
 - Level 1.5 Stealth


You had 4 spell levels left.
You didn't know any spells.
Your spell library was empty.

Inventory:

Hand Weapons
 a - a +1 shortbow (weapon)
Armour
 c - a +0 robe (worn)
Potions
 e - a potion of curing

Dungeon Overview and Level Annotations

Branches:
Dungeon (3/15)

Altars:
Elyvilon
Fedhas
Hepliaklqana


Message History

Enter note:
Enter note:
1656 ||| RETREEEEATING.
Enter note:
Enter note:
Enter note:
1657 ||| RETREEEEATING.
You shoot an arrow. The arrow barely misses the black bear.
The arrow hits the gnoll.
The gnoll is lightly wounded.
You shoot an arrow.
The arrow closely misses the black bear.
The arrow barely misses the gnoll.
The black bear bites you! The black bear barely misses you.
The black bear misses you.
You shoot an arrow. The arrow barely misses the black bear.
The arrow hits the gnoll!
The gnoll is severely wounded.
The black bear misses you. The black bear claws you.
The black bear closely misses you.
You shoot an arrow. The arrow hits the black bear!
The black bear is moderately wounded.
The black bear misses you. The black bear barely misses you.
The black bear claws you.
You shoot an arrow. The arrow hits the black bear!
The black bear is severely wounded.
The black bear goes berserk!
You shoot an arrow.
The arrow closely misses the black bear.
The arrow hits the gnoll.
The gnoll is almost dead.
The black bear closely misses you. The black bear barely misses you.
The black bear completely misses you. The black bear barely misses you.
The black bear claws you but does no damage.
The black bear claws you.
You shoot an arrow. The arrow hits the black bear!
The black bear is almost dead.
The black bear completely misses you. The black bear misses you.
The black bear claws you.
You die...

....... ..'.........)............
...>......#..#######.............
.......... #.....................
..g..#.# #.#.###.#....).#.#....
.gg#.# #.#.....#......#.#....
#...# #.#.._..#......#<#....
.######..###.#.....#......###....
.......g.##..#.###g#......# #....
.......()##.....@hg.).<#### #....
.............#######..## #...^
.........##..........## #....
........%........##.## #....
........###.........# #....
######### #...%..#### ###..
#######......# #....
.............# .....
........####.# .....


You could see a black bear (berserk) and 2 gnolls.

Vanquished Creatures
  A water moccasin (D:3)
  2 adders
  A gnoll (D:3)
  5 dart slugs
  4 endoplasms
  A giant cockroach (D:1)
  6 goblins
  4 hobgoblins
  2 kobolds (D:1)
  5 quokkas
  2 ball pythons
  2 bats (D:1)
  7 frilled lizards
  3 rats
45 creatures vanquished.

Notes
Turn   | Place    | Note
-------+----------+-------------------------------------------
     0 | D:1      | qw the Spriggan Hunter began the quest for the Orb.
     0 | D:1      | Reached XP level 1. HP: 10/10 MP: 2/2
     0 | D:1      | 0 ||| qw: Version: 0.3-a-155-g5e7d8dd
     0 | D:1      | 0 ||| qw: Game counter: 3256
     0 | D:1      | 0 ||| qw: Melee chars always use a shield: true
     0 | D:1      | 0 ||| qw: God list: Okawaru
     0 | D:1      | 0 ||| qw: Allow faded altars: false
     0 | D:1      | 0 ||| qw: Do Orc after clearing Dungeon:15 true
     0 | D:1      | 0 ||| qw: Do second Lair branch before Depths: true
     0 | D:1      | 0 ||| qw: Lair rune preference: random
     0 | D:1      | 0 ||| qw: Goals: Normal
     0 | D:1      | 0 ||| PLANNING D:1-11
    21 | D:1      | Reached skill level 3 in Dodging
    89 | D:1      | Reached XP level 2. HP: 14/14 MP: 3/3
   521 | D:1      | Reached XP level 3. HP: 18/18 MP: 4/4
   747 | D:1      | 747 ||| READING scroll labelled POIS KOQOGG.
   748 | D:1      | 748 ||| READING scroll labelled ITZICZ IDANUZ.
   748 | D:1      | 748 ||| ENCHANTING +0 shortbow.
   749 | D:1      | 749 ||| DROPPING scroll of butterflies.
  1254 | D:2      | Identified the +5 spear of the Green God {flame, Int+4
                  | Stlth+}
  1347 | D:2      | 1347 ||| READING scroll labelled JEMUOP ORRAMMY.
  1347 | D:2      | 1347 ||| IDENTIFYING silvery potion
  1348 | D:2      | 1348 ||| READING scroll labelled KUNTYPAMOSAY.
  1378 | D:3      | Noticed a water moccasin
  1379 | D:3      | 1379 ||| DRINKING potion of haste.
  1389 | D:3      | Killed a water moccasin
  1390 | D:3      | Reached skill level 6 in Ranged Weapons
  1390 | D:3      | Reached XP level 4. HP: 22/22 MP: 5/5
  1390 | D:3      | Reached XP level 5. HP: 25/25 MP: 6/6
  1395 | D:3      | 1395 ||| FLEEEEING.
  1398 | D:3      | 1398 ||| FLEEEEING.
  1400 | D:3      | 1400 ||| FLEEEEING.
  1418 | D:3      | Found a white marble altar of Elyvilon.
  1497 | D:3      | Found a blossoming altar of Fedhas.
  1536 | D:3      | Found a hazy altar of Hepliaklqana.
  1605 | D:3      | Noticed a black bear
  1606 | D:3      | 1606 ||| RETREEEEATING.
  1607 | D:3      | 1607 ||| RETREEEEATING.
  1608 | D:3      | 1608 ||| RETREEEEATING.
  1609 | D:3      | 1609 ||| RETREEEEATING.
  1614 | D:3      | 1614 ||| FLEEEEING.
  1615 | D:3      | 1615 ||| FLEEEEING.
  1616 | D:3      | 1616 ||| FLEEEEING.
  1617 | D:3      | 1617 ||| FLEEEEING.
  1618 | D:3      | 1618 ||| FLEEEEING.
  1620 | D:3      | 1620 ||| FLEEEEING.
  1621 | D:3      | 1621 ||| FLEEEEING.
  1625 | D:3      | 1625 ||| FLEEEEING.
  1626 | D:3      | 1626 ||| FLEEEEING.
  1627 | D:3      | 1627 ||| FLEEEEING.
  1628 | D:3      | 1628 ||| FLEEEEING.
  1629 | D:3      | 1629 ||| FLEEEEING.
  1630 | D:3      | 1630 ||| STAIRDANCE
  1646 | D:2      | 1646 ||| READING 2 scrolls of identify.
  1646 | D:2      | 1646 ||| IDENTIFYING sapphire potion
  1647 | D:2      | 1647 ||| READING scroll of identify.
  1647 | D:2      | 1647 ||| IDENTIFYING black potion
  1648 | D:2      | 1648 ||| DROPPING potion of attraction.
  1651 | D:3      | 1651 ||| RETREEEEATING.
  1652 | D:3      | 1652 ||| RETREEEEATING.
  1653 | D:3      | 1653 ||| RETREEEEATING.
  1654 | D:3      | 1654 ||| RETREEEEATING.
  1655 | D:3      | 1655 ||| RETREEEEATING.
  1656 | D:3      | 1656 ||| RETREEEEATING.
  1657 | D:3      | 1657 ||| RETREEEEATING.
  1660 | D:3      | HP: 6/25 [black bear (3)]
  1663 | D:3      | HP: 2/25 [black bear (2)]
  1664 | D:3      | Slain by a black bear

Levels and vault maps discovered:
D:1:      elethiomel_arrival_infinity_welcomes_careful_drivers,
          layout_loops_ring
D:2:      layout_loops_ring
D:3:      layout_basic, mainiacjoe_overflow_cross_hatched,
          mainiacjoe_overflow_large_starburst

Skill      XL: |  1  2  3 |
---------------+----------+-----
Dodging        | 3 4 |  4.5
Ranged Weapons | 6 |  6.1
Fighting       | |  1.5
Stealth        | |  1.5

Action                     |  1- 3 |  4- 6 || total
---------------------------+-------+-------++-------
   Fire: Shortbow          |    85 |    36 ||   121
    Use: Scroll            |     4 |     2 ||     6
         Potion            |     1 |       ||     1
 Armour: Robe              |     4 |    10 ||    14
  Dodge: Dodged            |     7 |    22 ||    29

Table legend:
 A = Non-vault XP
 B = Vault XP
 C = Vault XP percentage of total XP
 D = Non-vault monster count
 E = Vault monster count
 F = Vault count percentage of total count
                 A         B        C        D         E       F
            +---------+---------+-------+---------+---------+-------
      Total |     267 |       0 |   0.0 |      45 |       0 |   0.0
            +---------+---------+-------+---------+---------+-------
        D:1 |      46 |       0 |   0.0 |      23 |       0 |   0.0
        D:2 |      29 |       0 |   0.0 |      11 |       0 |   0.0
        D:3 |     192 |       0 |   0.0 |      11 |       0 |   0.0
            +---------+---------+-------+---------+---------+-------
